 Dungeon Crawl Stone Soup version 0.27.0-1-g7a08968 (webtiles) character file.

Game seed: 11204315851465053780

7760 alexhoolio the Cleaver (level 11, -9/79 HPs)
             Began as a Minotaur Fighter on Nov 30, 2021.
             Was a Priest of the Shining One.
             Killed from afar by a wretched star (12 damage)
             ... with a lance of force
             ... on level 1 of the Abyss on Dec 1, 2021.
             The game lasted 00:45:16 (10759 turns).

alexhoolio the Cleaver (Minotaur Fighter)          Turns: 10759, Time: 00:45:17

Health: -9/79      AC: 17    Str: 31    XL:     11   Next: 1%
Magic:  8/10       EV:  7    Int:  5    God:    the Shining One [***...]
Gold:   833        SH: 18    Dex:  9    Spells: 10/10 levels left

rFire    . . .     SeeInvis .   a - +0 war axe
rCold    . . .     Faith    .   c - +0 kite shield
rNeg     + . .     Spirit   .   C - +0 plate armour
rPois    .         Reflect  .   (helmet restricted)
rElec    .         Harm     .   (no cloak)
rCorr    .         Rampage  .   H - +0 pair of gloves
Will     .....                  E - +0 pair of boots
Stlth    ..........             y - amulet of regeneration
HPRegen  1.23/turn              j - +6 ring of strength
MPRegen  0.12/turn              (no ring)

@: divinely shielded, glowing
A: horns 2, retaliatory headbutt, [frail 2]
a: Renounce Religion, Divine Shield


You were on level 1 of the Abyss.
You worshipped the Shining One.
The Shining One was most pleased with you.
You visited 2 branches of the dungeon, and saw 10 of its levels.
You visited the Abyss 1 time.

You collected 833 gold pieces.

Inventory:

Hand Weapons
 a - a +0 war axe (weapon)
 D - a +0 morningstar
Missiles
 k - 38 poisoned darts
 p - 59 sling bullets
Armour
 c - a +0 kite shield (worn)
 t - a +0 chain mail of cold resistance
 C - a +0 plate armour (worn)
 E - a +0 pair of boots (worn)
 H - a +0 pair of gloves (worn)
Jewellery
 j - a +6 ring of strength (left hand)
 v - a +6 ring of intelligence
 y - an amulet of regeneration (around neck)
Wands
 b - a wand of polymorph (13)
 n - a wand of iceblast (6)
 w - a wand of mindburst (19)
 B - a wand of acid (10) (quivered)
 F - a wand of digging (7)
Scrolls
 d - a scroll of torment
 e - a scroll of fog {unknown}
 f - 2 scrolls of holy word {unknown}
 g - 3 scrolls of enchant armour {unknown}
 h - 2 scrolls of enchant weapon {unknown}
 i - 5 scrolls of noise {unknown}
 l - 5 scrolls of teleportation {unknown}
 m - 2 scrolls of brand weapon {unknown}
 q - a scroll of fear {unknown}
 s - 6 scrolls of identify
 u - a scroll of magic mapping {unknown}
Potions
 o - 4 potions of brilliance
 r - 2 potions of heal wounds {unknown}
 x - a potion of flight {unknown}
 z - 2 potions of mutation {unknown}
 A - 2 potions of lignification {unknown}
 G - a potion of berserk rage {unknown}
 I - a potion of attraction {unknown}


   Skills:
 + Level 9.8 Fighting
 * Level 12.7 Axes
 + Level 9.8 Armour
 + Level 9.8 Shields


You had 10 spell levels left.
You didn't know any spells.
Your spell library contained the following spells:

 Spells                   Type           Power      Damage    Failure   Level
 Animate Skeleton         Necr           0%         N/A       100%        1
 Apportation              Tloc           0%         N/A       100%        1
 Beastly Appendage        Tmut           0%         N/A       100%        1
 Corona                   Hex            0%         N/A       100%        1
 Summon Small Mammal      Summ           0%         N/A       100%        1
 Wereblood                Tmut           0%         N/A       100%        2
 Spider Form              Tmut/Pois      0%         N/A       100%        3
 Stone Arrow              Conj/Erth      0%         3d7       100%        3
 Animate Armour           Summ/Erth      0%         N/A       100%        4
 Fireball                 Conj/Fire      0%         3d3       100%        5
 Dispersal                Tloc           0%         N/A       100%        6
 Starburst                Conj/Fire      0%         8x6d3     100%        6
 Disjunction              Tloc           0%         N/A       100%        8
 Ignition                 Fire           0%         3d3       100%        8
 Lehudib's Crystal Spear  Conj/Erth      0%         10d2      100%        8


Dungeon Overview and Level Annotations

Branches:
Dungeon (9/15)             Temple (1/1) D:6             Orc (0/2) D:9
   Lair: D:8-11

Altars:
Cheibriados
Gozag
Kikubaaqudgha
Nemelex Xobeh
Okawaru
Sif Muna
Yredelemnul
Zin
The Shining One
Beogh

Shops:
D:8 *

Annotations:
D:5 1 runed translucent door, Vixxxy's ghost, novice HOFi
D:8 3 runed translucent doors, Jonnyslop's ghost, novice HOFi
D:9 Erolcha


Innate Abilities, Weirdness & Mutations

You have a pair of horns on your head.
You reflexively headbutt those who attack you in melee.
[You are very frail. (-20% HP)]


Message History

You block the thrashing horror's attack. x3
The thrashing horror barely misses you.
A deafening chorus of shrieks assaults your mind!
The thrashing horror tramples you!
* * * LOW HITPOINT WARNING * * *
You stumble backwards!
The wretched star pulses with an eldritch light!
You feel frail. x2
You block the thrashing horror's attack.
The thrashing horror tramples you but does no damage.
A deafening chorus of shrieks assaults your mind!
* * * LOW HITPOINT WARNING * * *
You suddenly lose the ability to move!
A starcursed mass splits.
You can move again.
The thrashing horror roars!
You block the thrashing horror's attack. x3
The thrashing horror tramples you but does no damage.
The thrashing horror roars!
The thrashing horror tramples you but does no damage.
The thrashing horror completely misses you.
You block the large abomination's attack.
Found a phial of floods.
A starcursed mass splits.
The thrashing horror tramples you but does no damage. x2
You block the thrashing horror's attack.
The thrashing horror tramples you but does no damage.
You block the thrashing horror's attack.
The thrashing horror barely misses you.
A deafening chorus of shrieks assaults your mind!
* * * LOW HITPOINT WARNING * * *
You suddenly lose the ability to move!
You can move again.
You block the thrashing horror's attack.
The thrashing horror barely misses you.
A starcursed mass splits.
A deafening chorus of shrieks assaults your mind!
* * * LOW HITPOINT WARNING * * *
You shrug off the repeated paralysis!
The wretched star glows turbulently.
The lance of force hits you!
You die...

#... ..≈.≈≈≈≈≈.....
#.......≈≈≈≈≈....#
###.....≈≈ ≈≈# ...# .
#.'....≈≈≈≈## ##.## .#
..#.$ ..≈XXX###...## ...
###..♣.≈.XXX.#.....#}...
# ##≈'#≈XXX*......... #
≈≈.xhh.#..X..#..
###≈#.h.###X@.## #.x#≈##
##.## #≈≈'##..# ...#
≈≈≈≈..♣...#.....#
≈...x≈♣........... ≈...
≈....#.....#. ≈ ≈
#♣...###...###. .# ##.##
#.


You could see 7 starcursed masses, a wretched star, 2 thrashing horrors and a
large abomination.

Vanquished Creatures
  The ghost of blake the Martial Artist, a novice OpMo of Wu Jian (D:7)
  Pikel (D:4)
  A hellion (Abyss:1)
  A freezing wraith (D:7)
  A tengu conjurer (D:7)
  A troll (D:9)
  Prince Ribbit (D:8)
  Sigmund (D:3)
  2 yaks
  A vampire (D:7)
  A wyvern (D:7)
  A steam dragon (D:9)
  2 vampire mosquitoes (D:8)
  Menkaure (D:5)
  7 orc warriors
  Duvessa (D:8)
  3 sky beasts
  4 black bears
  An ice beast (D:5)
  A necrophage (D:7)
  3 ogres
  2 lemures (D:4)
  2 centaurs
  A phantom (D:4)
  Blork the orc (D:4)
  6 bullfrogs
  4 kobold brigands
  A scorpion (D:5)
  Dowan (D:8)
  A water moccasin zombie (D:5)
  3 wights (D:9)
  A howler monkey (D:9)
  A bullfrog zombie (D:6)
  A centaur zombie (D:5)
  2 bullfrog skeletons
  2 centaur skeletons (D:7)
  9 orc priests
  2 gnoll shamans
  3 jellies (D:5)
  An iguana (D:5)
  Jessica (D:3)
  Ijyb (D:5)
  Natasha (thrice) (D:2)
  10 orc wizards
  A hound skeleton (D:4)
  6 adders
  5 gnolls (D:9)
  A howler monkey skeleton (D:7)
  4 white imps
  An ufetubus (D:5)
  An adder zombie (D:5)
  2 adder skeletons (D:5)
  2 worms
  5 dart slugs
  30 orcs
  6 bats
  7 endoplasms
  3 hobgoblins
  5 jackals
  5 quokkas
  8 ball pythons
  4 frilled lizards
  6 goblins
  8 kobolds
  9 rats
214 creatures vanquished.

Notes
Turn   | Place    | Note
-------+----------+-------------------------------------------
     0 | D:1      | alexhoolio the Minotaur Fighter began the quest for the
                  | Orb.
     0 | D:1      | Reached XP level 1. HP: 19/19 MP: 0/0
   271 | D:1      | Reached XP level 2. HP: 27/27 MP: 1/1
   356 | D:1      | Reached skill level 3 in Axes
   775 | D:1      | Reached XP level 3. HP: 24/33 MP: 2/2
   864 | D:1      | Found a faded altar of an unknown god.
  1371 | D:2      | Noticed Natasha
  1384 | D:2      | Killed Natasha
  1385 | D:2      | Reached XP level 4. HP: 38/40 MP: 3/3
  1445 | D:2      | Noticed Natasha
  1462 | D:2      | Killed Natasha
  1463 | D:2      | Reached skill level 4 in Axes
  1591 | D:2      | Noticed Natasha
  1611 | D:2      | Killed Natasha
  1822 | D:2      | Reached XP level 5. HP: 46/47 MP: 4/4
  1950 | D:3      | Noticed Sigmund
  1958 | D:3      | Killed Sigmund
  1959 | D:3      | Reached skill level 5 in Axes
  1959 | D:3      | Reached XP level 6. HP: 51/55 MP: 5/5
  2053 | D:3      | Reached skill level 5 in Armour
  2086 | D:3      | Reached skill level 5 in Fighting
  2271 | D:3      | Reached skill level 5 in Shields
  2375 | D:3      | Noticed Jessica
  2378 | D:3      | Killed Jessica
  2546 | D:4      | Found a sparkling altar of Nemelex Xobeh.
  2596 | D:4      | Noticed Blork the orc
  2605 | D:4      | Killed Blork the orc
  2606 | D:4      | Reached skill level 6 in Axes
  2606 | D:4      | Reached XP level 7. HP: 56/61 MP: 6/6
  2964 | D:4      | Noticed Pikel
  2989 | D:4      | Killed Pikel
  2990 | D:4      | Reached skill level 7 in Axes
  2990 | D:4      | Reached XP level 8. HP: 53/70 MP: 7/7
  3547 | D:5      | Entered Level 5 of the Dungeon
  3571 | D:5      | Reached skill level 8 in Axes
  3657 | D:5      | Noticed Menkaure
  4793 | D:5      | Noticed Ijyb
  4806 | D:5      | Killed Ijyb
  4807 | D:5      | Reached skill level 9 in Axes
  5131 | D:5      | Found a runed translucent door.
  5131 | D:5      | Noticed Vixxxy's ghost (novice HOFi)
  5183 | D:5      | Reached XP level 9. HP: 62/79 MP: 8/8
  5318 | D:6      | Found a staircase to the Ecumenical Temple.
  5351 | Temple   | Entered the Ecumenical Temple
  5354 | Temple   | Became a worshipper of the Shining One
  5568 | D:6      | Found a glowing silver altar of Zin.
  6595 | D:7      | Found a runed translucent gate.
  6595 | D:7      | Found a runed translucent gate.
  6599 | D:7      | Noticed blake's ghost (novice OpMo)
  6614 | D:7      | Found a runed translucent gate.
  6889 | D:7      | Reached skill level 10 in Axes
  6941 | D:7      | Killed blake's ghost
  7288 | D:5      | Killed Menkaure
  7493 | D:5      | Found a snail-covered altar of Cheibriados.
  7518 | D:5      | Reached * piety under the Shining One
  7529 | D:5      | Found a shimmering blue altar of Sif Muna.
  7885 | D:8      | Found a runed translucent gate.
  7885 | D:8      | Found a runed translucent gate.
  7885 | D:8      | Found a runed translucent gate.
  7887 | D:8      | Found an opulent altar of Gozag.
  7889 | D:8      | Noticed Jonnyslop's ghost (novice HOFi)
  8046 | D:7      | Noticed Duvessa
  8046 | D:7      | Noticed Prince Ribbit
  8046 | D:7      | Noticed Dowan
  8059 | D:8      | Killed Duvessa
  8060 | D:8      | Reached skill level 11 in Axes
  8060 | D:8      | Killed Dowan
  8087 | D:8      | Killed Prince Ribbit
  8088 | D:8      | Reached XP level 10. HP: 88/90 MP: 9/9
  8905 | D:8      | Reached skill level 12 in Axes
  8907 | D:8      | Reached ** piety under the Shining One
  8981 | D:8      | Found a basalt altar of Yredelemnul.
  9112 | D:8      | Found Buacok's Mass Market.
  9774 | D:9      | Found a staircase to the Orcish Mines.
 10232 | D:9      | Noticed Erolcha
 10486 | D:9      | Found an ancient bone altar of Kikubaaqudgha.
 10567 | D:9      | Cast into level 1 of the Abyss (Erolcha)
 10574 | Abyss:1  | Found a corrupted altar of Lugonu.
 10709 | Abyss:1  | Reached XP level 11. HP: 72/99 MP: 10/10
 10732 | Abyss:1  | Noticed a thrashing horror
 10732 | Abyss:1  | Noticed a thrashing horror
 10742 | Abyss:1  | Noticed a starcursed mass
 10748 | Abyss:1  | Reached *** piety under the Shining One
 10748 | Abyss:1  | Noticed a wretched star
 10750 | Abyss:1  | Noticed a large abomination
 10754 | Abyss:1  | Paralysed by accursed screaming for 1 turns
 10758 | Abyss:1  | Paralysed by accursed screaming for 1 turns
 10759 | Abyss:1  | HP: 3/79 [starcursed mass/accursed screaming (14)]
 10759 | Abyss:1  | Killed from afar by a wretched star

Illustrated notes

Levels and vault maps discovered:
D:1:      tarquinn_simple_flora_water_e, layout_basic, basic_ecumenical_altar,
          minivault_25, grunt_decor_cap
D:2:      layout_rooms, hex_large, uniq_natasha
D:3:      layout_basic, mainiacjoe_overflow_alcove_2,
          grunt_dithmenos_smoke_and_mirrors, minmay_misc_feat_iff,
          minmay_misc_feat_columns, wander_ebering_terrifying_dragon_lair,
          uniq_jessica, uniq_sigmund
D:4:      layout_basic, nemelex_xobeh_ov_fountains_minmay, uniq_pikel,
          uniq_blork_the_orc
D:5:      cheibrodos_barr_body, layout_loops_ring,
          mainiacjoe_overflow_two_lobes, gammafunk_ghost_grave, uniq_menkaure,
          uniq_ijyb
D:6:      layout_loops_ring, zin_scriptorium, minmay_temple_entry_glass,
          hangedman_decor_riveting
D:7:      minmay_klotski, layout_loops_ring, gammafunk_ghost_split,
          uniq_duvessa, uniq_prince_ribbit1
D:8:      layout_gridville, mainiacjoe_overflow_surrounded_room,
          ebering_ghost_gozag, minmay_shop_mass, minmay_liquid_box
D:9:      layout_roguey, kennysheep_little_box, minmay_orc_entry_temple_small,
          serial_corexii_hall, chequers_hall_statues_corner_a,
          corexii_hall_statues_u, chequers_hall_statues_y,
          corexii_hall_statues_u, corexii_hall_statues_t,
          corexii_hall_statues_i, uniq_erolcha
Temple:   nicolae_temple_hex_pool
Abyss:1:  base:
D:1

Skill      XL: |  1  2  3  4  5  6  7  8  9 10 |
---------------+-------------------------------+-----
Axes           | 3 4 5 6 7 9 11 12 | 12.7
Armour         | 4 5 6 7 8 9 |  9.8
Shields        | 4 5 6 7 8 9 |  9.8
Fighting       | 4 5 6 7 8 9 |  9.8

Action                   |  1- 3 |  4- 6 |  7- 9 | 10-12 || total
-------------------------+-------+-------+-------+-------++-------
Melee: War axe           |    75 |    67 |   246 |   196 ||   584
       Headbutt          |    11 |    14 |    55 |    37 ||   117
Throw: Dart              |       |    16 |    37 |     2 ||    55
Invok: Divine Shield     |       |       |       |     3 ||     3
Evoke: Wand              |       |       |       |     1 ||     1
  Use: Potion            |       |     1 |     3 |       ||     4
       Scroll            |       |       |       |     1 ||     1
Armor: Scale mail        |    27 |    30 |    38 |       ||    95
       Chain mail        |       |       |    49 |    63 ||   112
       Plate armour      |       |       |       |    56 ||    56
Dodge: Dodged            |    28 |    21 |    53 |    56 ||   158
Block: Kite shield       |    38 |    37 |   140 |   152 ||   367
